 Dungeon Crawl Stone Soup version 0.23.2-30-g0e89c35649 (webtiles) character file.

Game seed: 12349156897195750103

386 sankara the Chopper (level 6, 0/51 HPs)
             Began as a Hill Orc Fighter on June 21, 2019.
             Slain by a killer bee (1 damage)
             ... on level 4 of the Dungeon.
             The game lasted 00:11:41 (3414 turns).

sankara the Chopper (Hill Orc Fighter)              Turns: 3414, Time: 00:11:42

Health: 0/51       AC: 11    Str: 21      XL:     6   Next: 78%
Magic:  6/6        EV:  5    Int:  7 (8)  God:
Gold:   167        SH: 10    Dex: 10      Spells: 5/5 levels left

rFire    . . .     SeeInvis .   a - +0 war axe
rCold    . . .     Gourm    .   c - +1 shield
rNeg     . . .     Faith    .   b - +0 chain mail
rPois    .         Spirit   .   (no helmet)
rElec    .         Reflect  .   (no cloak)
rCorr    .         Harm     .   (no gloves)
MR       .....     Clarity  +   (no boots)
Stlth    ..........             g - amulet of the acrobat
HPRegen  0.17/turn              (no ring)
MPRegen  0.10/turn              (no ring)

@: lethally poisoned (0 -> -14)
A: talons 1, yellow scales 1, blink, clarity
a: Blink


You were on level 4 of the Dungeon.
You were not hungry.

You visited 1 branch of the dungeon, and saw 4 of its levels.

You collected 167 gold pieces.

Inventory:

Hand Weapons
 a - a +0 war axe (weapon)
Missiles
 i - 52 stones (quivered)
 s - 3 curare-tipped needles
Armour
 b - a +0 chain mail (worn)
   (You found it on level 2 of the Dungeon)
 c - a +1 shield (worn)
 q - a +1 ring mail of magic resistance
   (You took it off Terence on level 2 of the Dungeon)
Jewellery
 g - an amulet of the acrobat (around neck)
   (You found it on level 1 of the Dungeon)
Scrolls
 e - a scroll of remove curse
 j - a scroll of fog {unknown}
 m - a scroll of magic mapping {!r}
 p - 2 scrolls of fear
 u - 3 scrolls of identify
 v - a scroll of teleportation
Potions
 d - a potion of might
 k - a potion of brilliance
Comestibles
 f - 4 rations
 h - 2 chunks of flesh {@w0}


   Skills:
 - Level 3.6 Fighting
 * Level 6.7 Axes
 + Level 5.0 Armour
 + Level 4.9 Shields


You had 5 spell levels left.
You didn't know any spells.
Your spell library contained the following spells:

 Spells                   Type           Power        Failure   Level  Hunger
 Animate Skeleton         Necr           N/A          100%        1    ##.....
 Apportation              Tloc           #.....       100%        1    ##.....
 Confusing Touch          Hex            #.....       100%        1    ##.....
 Corona                   Hex            #......      100%        1    ##.....
 Summon Small Mammal      Summ           #...         100%        1    ##.....
 Ensorcelled Hibernation  Hex/Ice        #.....       100%        2    ###....
 Confuse                  Hex            #.......     100%        3    ####...
 Dazzling Spray           Conj/Hex       #.....       100%        3    ####...
 Tukima's Dance           Hex            #.......     100%        3    ####...


Dungeon Overview and Level Annotations

Branches:
Dungeon (4/15)
 Temple: D:4-7

Altars:
Kikubaaqudgha
Wu Jian
Xom


Innate Abilities, Weirdness & Mutations

You have sharp toenails.
You are partially covered in yellow scales. (AC +2)
You can translocate small distances at will.
You possess an exceptional clarity of mind.


Message History

You closely miss the worker ant. You claw the worker ant.
The worker ant is severely wounded.
The worker ant bites you but does no damage. x2
Your shield and chain mail prevent you from hitting the worker ant.
The worker ant is severely wounded.
The worker ant bites you but does no damage.
You hit the worker ant.
The worker ant is almost dead.
You block the worker ant's attack.
The worker ant bites you but does no damage.
You slash the worker ant!
You kill the worker ant!
You feel your strength returning.
No target in view!
You see here a robe.
You hear the slow rusting of a distant drain.
j - a scroll labeled UDADOU JINAJY HP restored.
A rat comes into view.
An adder and a killer bee come into view.
The adder hisses angrily.
You closely miss the adder. You claw the adder.
The adder is moderately wounded.
The adder barely misses you. You block the killer bee's attack.
You block the adder's attack.
You hit the adder. You claw the adder.
The adder is severely wounded.
You barely miss the killer bee.
The killer bee stings you but does no damage.
You block the adder's attack. You block the killer bee's attack.
You miss the adder.
The adder is severely wounded.
You miss the killer bee. You block the killer bee's attack.
The adder barely misses you. The killer bee barely misses you.
The adder bites you.
You are poisoned.
The adder poisons you! You block the killer bee's attack.
You closely miss the adder. You claw the adder.
The adder is almost dead.
You barely miss the killer bee.
You feel sick. The killer bee stings you!
You are more poisoned.
The killer bee poisons you! The adder bites you. The killer bee stings you.
You hit the adder but do no damage.
The adder is almost dead.
You closely miss the killer bee.
You feel sick. You block the killer bee's attack.
The adder bites you but does no damage. The killer bee barely misses you.
The adder bites you but does no damage. You block the killer bee's attack.
You slash the adder!
You kill the adder!
You barely miss the killer bee.
You feel sick.
The killer bee stings you but does no damage.
You block the killer bee's attack.
You hit the rat. Your kick misses the rat.
The rat is moderately wounded.
Your shield and chain mail prevent you from hitting the killer bee.
The killer bee barely misses you. The killer bee stings you.
You are more poisoned.
The killer bee poisons you!
You slash the rat!
You kill the rat!
Your Armour skill increases to level 5!
You closely miss the killer bee.
You feel sick. You block the killer bee's attack. The killer bee stings you. x2
You slash the killer bee! Your kick misses the killer bee.
The killer bee is heavily wounded.
You feel sick. You block the killer bee's attack. x2
You hit the killer bee but do no damage.
Your kick misses the killer bee.
The killer bee is heavily wounded.
You feel sick. You block the killer bee's attack. x2
The killer bee stings you.
You completely miss the killer bee.
The killer bee is heavily wounded.
You feel sick. The killer bee closely misses you. The killer bee stings you.
* * * LOW HITPOINT WARNING * * *
You miss the killer bee.
The killer bee is heavily wounded.
You feel sick.
The killer bee stings you but does no damage.
You block the killer bee's attack.
The killer bee stings you but does no damage.
You closely miss the killer bee. Your kick misses the killer bee.
The killer bee is heavily wounded.
You feel sick. The killer bee stings you.
* * * LOW HITPOINT WARNING * * *
You block the killer bee's attack.
You miss the killer bee.
The killer bee is heavily wounded.
You feel sick. You block the killer bee's attack. The killer bee stings you.
* * * LOW HITPOINT WARNING * * *
You are more poisoned.
The killer bee poisons you! You block the killer bee's attack.
Okay, then.
You closely miss the killer bee. Your kick misses the killer bee.
The killer bee is heavily wounded.
You hear the slow rusting of a drain nearby.
* * * LOW HITPOINT WARNING * * *
You feel sick. The killer bee stings you.
You die...

...$## ##..
....## ###...
.....# .....
....# .... #...#
##... ... ##
#.... ##
#y##≈≈### #...#
#.######@†≈≈≈≈≈≈
#....
#....##..##≈≈###
##<#.
#........####
###.
##...........
#...
#...#..........
#...#
#..######......
#..## ##..#
.....# #.# ##.#
#....# #.# #
#..## ##....###
... .


You could see a killer bee.

Vanquished Creatures
  Sigmund (D:3)
  Terence (D:2)
  A worker ant (D:4)
  7 gnolls
  2 adders
  2 oozes
  2 worms
  2 dart slugs
  A leopard gecko (D:3)
  5 goblins
  13 hobgoblins
  2 jackals (D:1)
  9 kobolds
  3 quokkas
  A ball python (D:2)
  4 bats
  2 frilled lizards
  13 rats
  2 plants (D:1)
73 creatures vanquished.

Vanquished Creatures (others)
  A plant (D:1)
1 creature vanquished.

Grand Total: 74 creatures vanquished

Notes
Turn   | Place    | Note
-------+----------+-------------------------------------------
     0 | D:1      | sankara the Hill Orc Fighter began the quest for the Orb.
     0 | D:1      | Reached XP level 1. HP: 19/19 MP: 1/1
    15 | D:1      | Reached skill level 3 in Axes
   166 | D:1      | Reached XP level 2. HP: 26/26 MP: 2/2
   570 | D:1      | Reached XP level 3. HP: 31/31 MP: 3/3
   884 | D:2      | Noticed Terence
   902 | D:2      | Killed Terence
   902 | D:2      | Reached skill level 4 in Axes
   939 | D:2      | HP: 7/31 [poisoned by an adder]
   941 | D:2      | HP: 3/31 [poisoned by an adder]
   944 | D:2      | Reached XP level 4. HP: 37/39 MP: 4/4
  1250 | D:2      | Reached skill level 4 in Armour
  1945 | D:2      | Reached skill level 4 in Shields
  2164 | D:3      | Reached skill level 5 in Axes
  2165 | D:3      | Reached XP level 5. HP: 36/45 MP: 5/5
  2556 | D:3      | Found an ancient bone altar of Kikubaaqudgha.
  2556 | D:3      | Found an ornate altar of the Wu Jian Council.
  2557 | D:3      | Found a shimmering altar of Xom.
  2641 | D:3      | Noticed Sigmund
  2657 | D:3      | HP: 11/45 [something (11)]
  2658 | D:3      | HP: 5/45 [something (6)]
  2659 | D:3      | Gained mutation: You can translocate small distances at
                  | will. [potion of mutation]
  2659 | D:3      | Gained mutation: You have sharp toenails. [potion of
                  | mutation]
  2659 | D:3      | Gained mutation: You are partially covered in yellow
                  | scales. (AC +2) [potion of mutation]
  2659 | D:3      | Gained mutation: You possess an exceptional clarity of
                  | mind. [potion of mutation]
  2668 | D:3      | HP: 8/67 [something (2)]
  2673 | D:3      | HP: 2/67 [something (5)]
  2680 | D:3      | Killed Sigmund
  2680 | D:3      | Reached skill level 6 in Axes
  2680 | D:3      | Reached XP level 6. HP: 2/51 MP: 6/6
  3407 | D:4      | Reached skill level 5 in Armour
  3412 | D:4      | HP: 12/51 [poisoned by a killer bee]
  3413 | D:4      | HP: 2/51 [killer bee (5)]
  3414 | D:4      | Slain by a killer bee

Skill      XL: |  1  2  3  4  5  6 |
---------------+-------------------+-----
Axes           | 3 4 5 6 |  6.7
Armour         | 4 5 |  5.0
Shields        | 4 |  4.9
Fighting       | |  3.6

Action                   |  1- 3 |  4- 6 || total
-------------------------+-------+-------++-------
Melee: War axe           |   145 |   292 ||   437
       Kick              |       |     8 ||     8
  Use: Scroll            |     2 |     4 ||     6
       Potion            |     3 |     4 ||     7
  Eat: Chunk             |       |     9 ||     9
Armor: Scale mail        |    59 |       ||    59
       Ring mail         |    13 |     3 ||    16
       Chain mail        |       |   144 ||   144
       Skin              |       |    10 ||    10
Dodge: Dodged            |    54 |    66 ||   120
Block: Shield            |    79 |   158 ||   237

Levels and vault maps discovered:
D:1:      dpeg_arrival_orchard, layout_rooms, serial_bayou_lagoon_a
D:2:      layout_basic, uniq_terence
D:3:      layout_basic, chequers_temple_overflow_statue_of_worship,
          chequers_mini_garden, uniq_sigmund
D:4:      layout_cave_pools, first_ration, gup_sewer_entry_bubbles

Table legend:
 A = Turns spent in this place as a percentage of turns spent in the entire game.
 B = Non-inter-level travel turns spent in this place as a percentage of non-inter-level travel turns spent in the entire game.
 C = Inter-level travel turns spent in this place as a percentage of turns spent in this place.
 D = Turns resting spent in this place as a percentage of non-inter-level travel turns spent in this place.
 E = Turns spent auto-exploring this place as a percentage of non-inter-level travel turns spent in this place.
 F = Non-inter-level travel turns spent in this place divided by the number of levels of this place that you've seen.
                   A       B       C       D       E      F
               +-------+-------+-------+-------+-------+----------------------
         Total | 100.0 | 100.0 |   3.4 |  16.7 |  58.0 | 824.5
       Dungeon | 100.0 | 100.0 |   3.4 |  16.7 |  58.0 | 824.5
               +-------+-------+-------+-------+-------+----------------------

Table legend:
 A = Kills in this place as a percentage of kills in entire the game.
 B = Kills by you in this place as a percentage of kills by you in the entire game.
 C = Kills by friends in this place as a percentage of kills by friends in the entire game.
 D = Other kills in this place as a percentage of other kills in the entire game.
 E = Experience gained in this place as a percentage of experience gained in the entire game.
 F = Experience gained in this place divided by the number of levels of this place that you have seen.
                   A       B       C       D       E      F
               +-------+-------+-------+-------+-------+----------------------
         Total | 100.0 | 100.0 |   N/A |   N/A | 100.0 | 138.0
       Dungeon | 100.0 | 100.0 |   N/A |   N/A | 100.0 | 138.0
               +-------+-------+-------+-------+-------+----------------------
